 Dungeon Crawl Stone Soup version 0.20-a0-1114-g33edf32 (webtiles) character file.

65073 kuniqs the Nimble (level 15, -14/117 HPs)
             Began as a Gnoll Wanderer on May 6, 2017.
             Was the Champion of Hepliaklqana.
             Demolished by a large slime creature (26 damage)
             ... on level 12 of the Dungeon.
             The game lasted 00:52:55 (21554 turns).

kuniqs the Nimble (Gnoll Wanderer)                 Turns: 21554, Time: 00:52:56

Health: -14/117    AC: 15    Str: 14    XL:     15   Next: 15%
Magic:  25/25      EV: 21    Int:  9    God:    Hepliaklqana [******]
Gold:   1519       SH:  0    Dex: 19    Spells: 18/28 levels left

rFire    . . .     SeeInvis .   C - +3 lajatang (venom)
rCold    + . .     Gourm    .   (shield currently unavailable)
rNeg     . . .     Faith    .   Q - +2 troll leather armour {Snorg}
rPois    .         Spirit   .   (no helmet)
rElec    .         Reflect  .   H - +0 cloak
rCorr    .         Harm     .   j - +0 pair of gloves
MR       ++...                  b - +0 pair of boots
Stlth    ++++......             K - amulet "Zommim" {rF+ MR++ Regen+}
Regen    1.1/turn               E - ring of ice
MPRegen  0.2/turn               h - +4 ring of protection

@: no status effects
A: short attention span, reduced essence, fangs 1, dopey 1, robust 1, strong
nose
a: Recall Ancestor, Ancestor Identity, Transference, Idealise, Renounce Religion


You were on level 12 of the Dungeon.
You worshipped Hepliaklqana.
Hepliaklqana was exalted by your worship.
You were not hungry.

You visited 4 branches of the dungeon, and saw 21 of its levels.
You also visited: Ice Cave.

You collected 2390 gold pieces.
You spent 871 gold pieces at shops.

Inventory:

Hand Weapons
 C - a +3 lajatang of venom (weapon)
Missiles
 i - 2 javelins
 s - 9 tomahawks of returning (quivered)
 B - 33 tomahawks
Armour
 b - a +0 pair of boots (worn)
 j - a +0 pair of gloves (worn)
 H - a +0 cloak (worn)
 Q - a +2 troll leather armour (worn) {Snorg}
Magical Staves
 X - an uncursed staff of wizardry
Jewellery
 h - a +4 ring of protection (right hand)
 E - a ring of ice (left hand)
 K - the amulet "Zommim" (around neck) {rF+ MR++ Regen+}
   (You found it on level 8 of the Dungeon)

   [amulet of regeneration]

   It protects you from fire.
   It affects your resistance to hostile enchantments.
   It increases your rate of regeneration.
Wands
 c - a wand of enslavement (0/24)
 g - a wand of acid (8/15)
 p - a wand of clouds (3/9)
 q - a wand of paralysis (5/24)
 u - a wand of iceblast (6/15)
 D - a wand of clouds (1/9)
 M - a wand of flame (26/48)
 R - a wand of paralysis (18/24)
 Y - a wand of iceblast (6/15)
 Z - a wand of digging (14/24)
Scrolls
 a - 2 scrolls of enchant armour
 l - a scroll of teleportation
 m - 3 scrolls of blinking
 n - a scroll of torment {unknown}
 o - 9 scrolls of remove curse {@r2}
 r - a scroll of enchant weapon
 w - a scroll of immolation
 y - 2 scrolls of identify {@r1}
 z - 5 scrolls of fog
 A - a scroll of fear {unknown}
 O - a scroll of summoning {unknown}
 V - a scroll of magic mapping
 W - a scroll of random uselessness {unknown}
Potions
 t - a potion of ambrosia {unknown}
 v - 4 potions of curing {@q1}
 x - 3 potions of flight
 F - a potion of brilliance
 G - 2 potions of invisibility
 I - 2 potions of magic
 N - 4 potions of agility
 S - 2 potions of lignification
 T - a potion of haste
 U - a potion of heal wounds
Miscellaneous
 L - a lightning rod (1/4)
Comestibles
 d - 11 bread rations
 e - 10 meat rations
 f - 24 fruits
 k - 10 royal jellies


   Skills:
 + Level 10.4 Fighting
   Level 8.2 Short Blades
   Level 10.1(10.2) Polearms
 + Level 4.4(8.6) Staves
 - Level 8.0 Throwing
 - Level 8.0 Armour
 + Level 10.9 Dodging
 - Level 8.5 Stealth
   Level 7.0 Shields
 - Level 7.0 Spellcasting
 - Level 7.0 Conjurations
 - Level 6.8 Hexes
 - Level 7.0 Summonings
 - Level 7.0 Air Magic
 - Level 7.2 Poison Magic
 - Level 9.0 Invocations
 - Level 8.0 Evocations


You had 18 spell levels left.
You knew the following spells:

 Your Spells              Type           Power        Failure   Level  Hunger
a - Mephitic Cloud        Conj/Pois/Air  ###.....     3%          3    ###....
b - Confuse               Hex            ###.....     4%          3    ###....
f - Summon Lightning Spi  Summ/Air       ###.....     13%         4    ####...


Dungeon Overview and Level Annotations

Branches:
Dungeon (12/15)            Temple (1/1) D:4            Lair (6/6) D:10
 Shoals (0/4) Lair:2       Spider (0/4) Lair:4        Slime (0/5) Lair:5
    Orc (2/2) D:11            Elf (0/3) Orc:2

Altars:
Ashenzari
Cheibriados
Dithmenos
Elyvilon
Fedhas
Gozag
Hepliaklqana
Kikubaaqudgha
Makhleb
Nemelex Xobeh
Okawaru
Qazlal
Ru
Sif Muna
Trog
Uskayaw
Vehumet
Wu Jian
Xom
Yredelemnul
Zin
The Shining One

Shops:
D:8 (   D:9 [   D:12 *:   Orc:2 }=([

Annotations:
Lair:4 exclusion: 4 oklob plants
Orc:2 urechis's ghost, adept HOBe


Innate Abilities, Weirdness & Mutations

You have a short attention span.
You have very sharp teeth.
Your uncanny sense of smell can sniff out nearby items.
Your life essence is reduced. (-10% HP)
You are dopey. (Int -2)
You are robust. (+10% HP)


Message History

Murphy hits the large slime creature with a broad axe of flaming.
Murphy burns the large slime creature.
Murphy barely misses the very large slime creature.
You hit the very large slime creature. You bite the very large slime creature.
Murphy hits the large slime creature with a broad axe of flaming!
Murphy burns the large slime creature.
Murphy hits the very large slime creature with a broad axe of flaming.
Murphy burns the very large slime creature.
You hit the very large slime creature.
The very large slime creature barely misses you.
The large slime creature hits you but does no damage.
You hit the very large slime creature.
Murphy hits the large slime creature with a broad axe of flaming!
Murphy burns the large slime creature!
Murphy hits the very large slime creature with a broad axe of flaming!
Murphy burns the very large slime creature.
The very large slime creature hits you!!!
* * * LOW HITPOINT WARNING * * *
The large slime creature hits you!!
You die...

##########
...#####..##.#... #
.......#.##.#.#.
.###....#.##...#. .#
#....#......## ##.#
#....#.#.#...# . #..
###...#.#.#.#.. .J
##.###.............. J..
#...#..#)..)........ .JJ.
#.J@).##............ ...J.
##.JR..##....(.......
......#....#.##............
...........#..##.##.((.....
###..###...#.....##.##(....
#.......##.#.####.###<...
#..#####...........##....>
###..##.###........
##.###.....##.....


You could see the friendly Murphy the knight, a very large slime creature and a
large slime creature.

Vanquished Creatures
  Rupert (Lair:6)
  Frances (D:12)
  Nessos (Orc:2)
  6 dire elephants (Lair:6)
  Snorg (D:11)
  Fannar (D:11)
  A hydra (Lair:4)
  An anaconda (Lair:6)
  A two-headed ogre (D:12)
  The ghost of Shinoi the Cleaver, a novice HOFi of Okawaru (D:10)
  3 orc high priests (Orc:2)
  A necromancer (IceCv)
  2 deep elf magi
  An orc knight (D:11)
  2 ugly things
  3 orc sorcerers (Orc:1)
  Maurice (D:8)
  14 elephants (Lair:6)
  Joseph (D:7)
  A black mamba (Lair:6)
  4 spiny frogs
  3 ice statues (IceCv)
  A rime drake (Lair:6)
  A centaur skeleton (D:12)
  A komodo dragon (Lair:1)
  3 ice devils (IceCv)
  2 trolls
  7 blink frogs
  Grinder (D:4)
  9 dream sheep (Lair:5)
  4 hippogriffs
  A slime creature (D:12)
  2 wraiths
  12 yaks
  3 wyverns
  2 basilisks
  A vampire mosquito (D:9)
  4 hungry ghosts
  2 wargs
  An acid dragon (D:11)
  2 swamp worms (Lair:3)
  5 porcupines
  Duvessa (D:7)
  21 water moccasins
  12 orc warriors
  2 black bears
  4 sky beasts
  A swamp drake (Lair:4)
  An ice beast (D:9)
  An eye of draining (D:9)
  8 ogres
  5 phantoms
  6 centaurs
  12 crocodiles
  16 bullfrogs
  A wyvern zombie (D:11)
  2 troll zombies (D:11)
  5 scorpions
  2 knights
  12 killer bees
  A wight (D:10)
  2 howler monkeys
  2 electric eels
  4 crimson imps
  A quasit (D:10)
  A bullfrog zombie (D:9)
  An iron imp (D:5)
  22 orc priests
  A draconian simulacrum (IceCv)
  4 jellies
  A hound (D:9)
  18 orc wizards
  Natasha (twice) (D:6)
  4 iguanas
  Ijyb (D:4)
  Terence (D:3)
  A hell rat (Lair:2)
  14 worker ants
  A troll simulacrum (IceCv)
  2 ogre zombies (D:11)
  2 centaur simulacra (IceCv)
  A hound zombie (D:10)
  2 hound skeletons
  A worker ant zombie (D:10)
  5 gnolls
  4 river rats (D:7)
  19 adders
  A naga simulacrum (IceCv)
  2 ogre simulacra (IceCv)
  2 shadow imps
  An ooze (D:5)
  8 worms
  A dart slug (D:4)
  5 leopard geckos
  49 orcs
  7 giant cockroaches
  5 goblins
  9 hobgoblins
  2 jackals (D:3)
  14 kobolds
  5 quokkas
  A ball python (D:3)
  6 bats
  7 frilled lizards
  3 goblin skeletons (D:11)
  A goblin zombie (D:11)
  A hobgoblin skeleton (D:11)
  3 hobgoblin zombies (D:11)
  2 orc skeletons (D:11)
  9 orc zombies (D:11)
  A quokka skeleton (D:6)
  A rat (D:1)
491 creatures vanquished.

Vanquished Creatures (collateral kills)
  Josephine (D:11)
  2 hydras (Lair:5)
  A death knight (D:9)
  2 orc high priests (Orc:2)
  An unseen horror (D:12)
  An orc sorcerer (Orc:2)
  2 elephants (Lair:6)
  A black mamba (Lair:6)
  A gargoyle (D:12)
  An ice statue (IceCv)
  An efreet (D:9)
  The ghost of theAP the Cudgeler, a novice GrFi (D:4)
  4 komodo dragons
  2 ice devils (IceCv)
  3 trolls
  Prince Ribbit (Lair:3)
  A merfolk (D:11)
  A jumping spider (Lair:4)
  A hornet (Lair:4)
  A blink frog (Lair:6)
  A dream sheep (Lair:5)
  2 hippogriffs
  2 wraiths (D:11)
  4 yaks
  2 basilisks
  3 swamp worms (Lair:3)
  A warg (Orc:2)
  7 water moccasins
  A two-headed ogre zombie (D:11)
  A porcupine (D:10)
  2 black bears (D:12)
  A sky beast (D:6)
  10 orc warriors
  2 ice beasts
  3 ogres
  A phantom (D:4)
  A necrophage (D:8)
  2 centaurs (Lair:2)
  4 bullfrogs
  Dowan (D:7)
  4 killer bees
  3 howler monkeys (D:10)
  6 wights
  A crimson imp (D:11)
  A bullfrog zombie (D:6)
  A centaur zombie (D:11)
  A hound (D:6)
  6 orc priests
  13 orc wizards
  A bullfrog skeleton (D:4)
  2 iguanas
  Natasha (D:4)
  A spriggan simulacrum (IceCv)
  2 worker ants
  4 hell rats (Lair:2)
  A troll simulacrum (IceCv)
  3 ogre zombies (D:11)
  A howler monkey skeleton (D:7)
  5 adders
  A naga simulacrum (IceCv)
  5 worms (Lair:3)
  2 leopard geckos
  15 orcs
  2 goblin skeletons (D:11)
  4 orc zombies (D:11)
  2 fungi (Lair:6)
168 creatures vanquished.

Vanquished Creatures (others)
  A big kobold (D:10)
  A hound (D:11)
  16 knights
  An orc wizard (Orc:1)
  2 ancestors (D:4)
  A kobold (D:10)
  9 fungi
  14 plants
45 creatures vanquished.

Grand Total: 704 creatures vanquished

Notes
Turn   | Place    | Note
-------+----------+-------------------------------------------
     0 | D:1      | kuniqs the Gnoll Wanderer began the quest for the Orb.
     0 | D:1      | kuniqs set off with: a +2 short sword, a +0 hand axe, a +0 ring mail, a bread ration
     0 | D:1      | Reached XP level 1. HP: 24/24 MP: 2/2
   293 | D:1      | Reached skill level 1 in Stealth
   293 | D:1      | Reached XP level 2. HP: 26/31 MP: 3/3
   644 | D:1      | Reached skill level 1 in Dodging
   644 | D:1      | Reached XP level 3. HP: 19/36 MP: 4/4
  1218 | D:2      | Reached XP level 4. HP: 43/43 MP: 5/5
  1708 | D:3      | Reached XP level 5. HP: 16/48 MP: 6/6
  1936 | D:3      | Noticed Terence
  1940 | D:3      | Killed Terence
  2121 | D:3      | Found a shadowy altar of Dithmenos.
  2415 | D:4      | Found a staircase to the Ecumenical Temple.
  2433 | Temple   | Entered the Ecumenical Temple
  2441 | Temple   | Became a worshipper of Hepliaklqana the Forgotten
  2658 | D:4      | Noticed Grinder
  2664 | D:4      | Gained mutation: You are frail. (-10% HP) [potion of mutation]
  2664 | D:4      | Lost mutation: You are frail. (-10% HP) [potion of mutation]
  2664 | D:4      | Gained mutation: You are dopey. (Int -2) [potion of mutation]
  2664 | D:4      | Gained mutation: You are robust. (+10% HP) [potion of mutation]
  2760 | D:4      | Paralysed by Grinder for 7 turns
  2799 | D:4      | Killed Grinder
  2799 | D:4      | Reached XP level 6. HP: 48/56 MP: 7/7
  2905 | D:4      | Noticed Natasha
  2911 | D:4      | Killed Natasha
  2911 | D:4      | Reached skill level 5 in Short Blades
  2911 | D:4      | Reached skill level 5 in Armour
  2911 | D:4      | Reached XP level 7. HP: 58/61 MP: 8/8
  2915 | D:4      | Noticed theAP's ghost (novice GrFi)
  3010 | D:4      | Killed theAP's ghost
  3010 | D:4      | Reached skill level 5 in Throwing
  3010 | D:4      | Reached skill level 5 in Dodging
  3010 | D:4      | Reached skill level 5 in Stealth
  3322 | D:4      | Reached * piety under Hepliaklqana
  3358 | D:4      | Found a blossoming altar of Fedhas.
  3418 | D:4      | Noticed Ijyb
  3446 | D:4      | Paralysed by Ijyb for 7 turns
  3456 | D:4      | Killed Ijyb
  3456 | D:4      | Reached XP level 8. HP: 68/68 MP: 9/9
  3637 | D:4      | Reached skill level 1 in Invocations
  3899 | D:5      | Entered Level 5 of the Dungeon
  4624 | D:5      | Found a snail-covered altar of Cheibriados.
  4685 | D:6      | Found a shimmering altar of Xom.
  4774 | D:6      | Noticed a hippogriff
  4783 | D:6      | Killed a hippogriff
  4783 | D:6      | Reached XP level 9. HP: 71/74 MP: 12/12
  4810 | D:6      | Reached ** piety under Hepliaklqana
  4811 | D:6      | Remembered your ancestor Murphy as a knight
  4897 | D:6      | Noticed Natasha
  4901 | D:6      | Killed Natasha
  5215 | D:6      | Reached skill level 5 in Evocations
  5276 | D:6      | Found an ancient bone altar of Kikubaaqudgha.
  5277 | D:6      | Reached skill level 5 in Invocations
  5278 | D:6      | Noticed Natasha
  5283 | D:6      | Killed Natasha
  5809 | D:7      | Noticed Joseph
  5827 | D:7      | Killed Joseph
  5888 | D:7      | Noticed Duvessa
  5892 | D:7      | Noticed Dowan
  5905 | D:7      | Killed Duvessa
  5905 | D:7      | Reached XP level 10. HP: 75/80 MP: 14/14
  5932 | D:7      | Killed Dowan
  6303 | D:7      | Found a burning altar of Makhleb.
  6388 | D:7      | Found an ornate altar of the Wu Jian Council.
  6390 | D:7      | Found a blossoming altar of Fedhas.
  6390 | D:7      | Found a sparkling altar of Nemelex Xobeh.
  6392 | D:7      | Found a bloodstained altar of Trog.
  6392 | D:7      | Found a shimmering altar of Xom.
  6392 | D:7      | Found a glowing golden altar of the Shining One.
  6795 | D:8      | Found a glowing golden altar of the Shining One.
  6796 | D:8      | Noticed Maurice
  6801 | D:8      | Killed Maurice
  6819 | D:8      | Reached *** piety under Hepliaklqana
  7131 | D:8      | Noticed a red ugly thing
  7134 | D:8      | Found Etoade's Antique Weapon Shoppe.
  7141 | D:8      | Killed a red ugly thing
  7337 | D:8      | Bought a pitted spear for 184 gold pieces
  7337 | D:8      | Bought a crystal spear for 184 gold pieces
  7337 | D:8      | Identified the +4 spear of Hacking and Slashing {pierce, *Drain +Fly Dex+4} (You bought it in a shop on level 8 of the Dungeon)
  7338 | D:8      | Identified the +6 spear "Cewennu" {drain, -Tele rPois rF+ MR+++} (You bought it in a shop on level 8 of the Dungeon)
  7539 | D:8      | Got a heavily runed sapphire amulet
  7540 | D:8      | Identified the amulet "Zommim" {rF+ MR++ Regen+} (You found it on level 8 of the Dungeon)
  7857 | D:9      | Reached skill level 1 in Polearms
  7965 | D:9      | Found an ornate altar of the Wu Jian Council.
  8243 | D:9      | Noticed a death knight
  8328 | D:9      | Killed a death knight
  8328 | D:9      | Reached XP level 11. HP: 64/86 MP: 16/16
  8459 | D:9      | Reached skill level 5 in Polearms
  8570 | D:9      | Found Lam Lerchump's Armour Shop.
  8702 | D:9      | Noticed a centaur warrior
  8702 | D:9      | Noticed a cyclops
  8702 | D:9      | Noticed a deep elf mage
  8820 | D:10     | Entered Level 10 of the Dungeon
  8916 | D:10     | Found a staircase to the Lair.
  8990 | D:10     | Found an ancient bone altar of Kikubaaqudgha.
  9054 | D:10     | Noticed Shinoi's ghost (novice HOFi)
  9432 | D:10     | Killed Shinoi's ghost
  9687 | D:10     | Reached **** piety under Hepliaklqana
  9867 | D:11     | Noticed a deep elf mage
  9867 | D:11     | Noticed Josephine
  9879 | D:11     | Killed a deep elf mage
 10017 | D:11     | Killed Josephine
 10017 | D:11     | Reached XP level 12. HP: 93/94 MP: 18/18
 10264 | D:11     | Noticed Fannar
 10303 | D:11     | Killed Fannar
 10667 | D:11     | Found a staircase to the Orcish Mines.
 10732 | D:11     | Noticed Snorg
 10747 | D:11     | Killed Snorg
 10747 | D:11     | Reached skill level 10 in Dodging
 11399 | D:12     | Noticed Frances
 11522 | D:9      | Bought a +1 buckler of protection for 231 gold pieces
 11595 | Lair:1   | Entered Level 1 of the Lair of Beasts
 11663 | Lair:1   | Found a shattered altar of Ashenzari.
 11688 | Lair:1   | Reached skill level 1 in Shields
 12098 | Lair:1   | Reached ***** piety under Hepliaklqana
 12319 | Lair:2   | Found a staircase to the Shoals.
 12608 | Lair:2   | Learned a level 4 spell: Summon Lightning Spire
 12763 | Lair:2   | Reached skill level 1 in Summonings
 12948 | Lair:2   | Reached skill level 1 in Air Magic
 13109 | Lair:3   | Reached XP level 13. HP: 101/101 MP: 19/19
 13335 | Lair:3   | Reached skill level 1 in Spellcasting
 13491 | Lair:3   | Noticed Prince Ribbit
 13508 | Lair:3   | Killed Prince Ribbit
 14261 | Lair:4   | Found a frozen archway.
 14272 | IceCv    | Entered an ice cave
 14314 | IceCv    | Reached skill level 5 in Shields
 15659 | Lair:4   | Reached skill level 5 in Air Magic
 15742 | Lair:4   | Found a hole to the Spider Nest.
 16004 | Lair:4   | Reached ****** piety under Hepliaklqana
 16257 | Lair:4   | Reached skill level 5 in Summonings
 16529 | Lair:5   | Found a staircase to the Slime Pits.
 16673 | Lair:5   | Reached skill level 5 in Spellcasting
 16685 | Lair:5   | Found a bloodstained altar of Trog.
 16836 | Lair:5   | Learned a level 3 spell: Mephitic Cloud
 17208 | Lair:6   | Entered Level 6 of the Lair of Beasts
 17271 | Lair:6   | Reached skill level 1 in Poison Magic
 17300 | Lair:6   | Reached skill level 1 in Conjurations
 17324 | Lair:6   | Learned a level 3 spell: Confuse
 17602 | Lair:6   | Reached skill level 1 in Hexes
 17618 | Lair:6   | Reached XP level 14. HP: 99/109 MP: 22/22
 17622 | Lair:6   | Reached skill level 10 in Fighting
 17960 | Lair:6   | Reached skill level 10 in Polearms
 17973 | Lair:6   | Noticed a dire elephant
 17973 | Lair:6   | Noticed a dire elephant
 17985 | Lair:6   | Noticed a dire elephant
 18010 | Lair:6   | Killed a dire elephant
 18095 | Lair:6   | Noticed Rupert
 18129 | Lair:6   | Killed Rupert
 18154 | Lair:6   | Noticed a dire elephant
 18191 | Lair:6   | Killed a dire elephant
 18442 | Lair:6   | Killed a dire elephant
 18442 | Lair:6   | Reached skill level 5 in Poison Magic
 18465 | Lair:6   | Killed a dire elephant
 18465 | Lair:6   | Reached skill level 5 in Conjurations
 18528 | Lair:6   | Noticed a dire elephant
 18559 | Lair:6   | Killed a dire elephant
 18617 | Lair:6   | Noticed a dire elephant
 18641 | Lair:6   | Killed a dire elephant
 18641 | Lair:6   | Reached skill level 5 in Hexes
 18840 | Orc:1    | Entered Level 1 of the Orcish Mines
 19335 | Orc:2    | Entered Level 2 of the Orcish Mines
 19370 | Orc:2    | Noticed Nessos
 19389 | Orc:2    | Killed Nessos
 19492 | Orc:2    | Noticed urechis's ghost (adept HOBe)
 20246 | Orc:2    | Found a staircase to the Elven Halls.
 20859 | Orc:2    | Found Jeiseuc's Antique Weapon Boutique.
 20859 | Orc:2    | Found Anucwugu's Antique Armour Boutique.
 20860 | Orc:2    | Found Lyolab's Jewellery Shop.
 20863 | Orc:2    | Found Buwnits's Gadget Shop.
 20976 | Orc:2    | Bought a smoking war axe for 272 gold pieces
 20976 | Orc:2    | Identified the +1 war axe of Iraff {flame, *Slow Str+7 SInv} (You bought it in a shop on level 2 of the Orcish Mines)
 21100 | D:12     | Reached skill level 1 in Staves
 21194 | D:12     | Reached XP level 15. HP: 115/115 MP: 25/25
 21209 | D:12     | Killed Frances
 21314 | D:12     | Found a stormy altar of Qazlal.
 21351 | D:12     | Found Etuibee's Book Boutique.
 21459 | D:12     | Found Beodgh's General Store.
 21554 | D:12     | Demolished by a large slime creature

Vault maps used:
D:1:      minmay_arrival_up_and_down, st_stairs_1, wad_floor_pattern_untrapped
D:2:      serial_park_tiny_pond, minivault_14, minmay_ruptured
D:3:      grunt_dithmenos_smoke_and_mirrors, minmay_close_crescents,
          uniq_terence
D:4:      fedhas_bush_and_centaur_altar, temple_green, uniq_grinder,
          uniq_natasha, uniq_ijyb
D:5:      slow_altar_2, first_bread, kennysheep_cross_bottleneck
D:6:      overflow_temple_1_default, kiku_gazebo_garden_becter,
          kennysheep_cross_room
D:7:      wad_woods_tower, kennysheep_little_box, doesnt_xom_only_xom,
          uniq_joseph, uniq_duvessa
D:8:      black_bear_nest_2, lemuel_round_altar, serial_shops, shop,
          uniq_maurice
D:9:      old_standard_altar, serial_shops, shop,
          minmay_the_grid_triangle_9x9_rhombus_thin
D:10:     minmay_lair_entry_grove, basic_altar, minmay_unpleasant_kobolds
D:11:     zombieorc2_lemuel, hangedman_stone_soup, minmay_stone_trees_small,
          uniq_josephine, uniq_fannar, uniq_snorg
D:12:     serial_shops, nicolae_shop_stone, nicolae_shop_stone, shop,
          spider_trap, grunt_qazlal_sundering, uniq_erolcha, uniq_frances
Temple:   eino_narrow_crystal_temple
Lair:1:   basic_altar
Lair:2:   minmay_shoals_entry_centaurs, serial_bayou_pond_e,
          nicolae_quartered_pool_super
Lair:3:   serial_forest, infiniplex_forest_straight_1,
          infiniplex_forest_clump_double, infiniplex_forest_corner_1,
          infiniplex_forest_straight_2, infiniplex_forest_zigzag_1,
          infiniplex_forest_clump_double, worms_lemuel, serial_bayou_shore_b,
          lemuel_fruit_fields, lemuel_fruit_tree, uniq_prince_ribbit2
Lair:4:   lemuel_reptile_caves, spider_nest_entry_rubble,
          portal_ice_cave_entry_pillars_1, dpeg_oklob_1
Lair:5:   slime_dummy, basic_altar, infiniplex_staircase_pool_2
Lair:6:   due_jungle_book, uniq_rupert
Orc:1:    guppyfry_library_mini
Orc:2:    st_orc_mages, nicolae_orc_rich_vein, uniq_nessos
IceCv:    ice_cave_tombish

Skill      XL: |  1  2  3  4  5  6  7  8  9 10 11 12 13 14 15 |
---------------+----------------------------------------------+-----
Throwing       | 2 3 4 6 7 8 |  8.0
Stealth        | 1 2 3 4 5 6 7 8 |  8.5
Dodging        | 1 2 3 4 5 6 7 8 9 10 | 10.9
Short Blades   | 3 4 5 6 7 8 |  8.2
Armour         | 4 5 6 7 8 |  8.0
Fighting       | 8 9 10 | 10.4
Invocations    | 3 6 7 9 |  9.0
Evocations     | 4 6 7 8 |  8.0
Polearms       | 4 8 9 10 | 10.1
Shields        | 4 7 |  7.0
Summonings     | 1 6 7 |  7.0
Air Magic      | 1 6 7 |  7.0
Spellcasting   | 5 7 |  7.0
Poison Magic   | 2 7 |  7.2
Conjurations   | 2 7 |  7.0
Hexes          | 1 6 |  6.8
Staves         | 1 4 |  4.4

Action                   |  1- 3 |  4- 6 |  7- 9 | 10-12 | 13-15 || total
-------------------------+-------+-------+-------+-------+-------++-------
Melee: Short sword       |    65 |    78 |   286 |    72 |       ||   501
       Bite              |     5 |    10 |    33 |    93 |   161 ||   302
       Dagger            |    38 |    42 |       |       |       ||    80
       Spear             |       |       |       |   981 |  1242 ||  2223
       Lajatang          |       |       |       |       |    91 ||    91
Throw: Tomahawk          |       |       |     1 |       |       ||     1
 Cast: Mephitic Cloud    |       |       |       |       |    32 ||    32
       Summon Lightning  |       |       |       |       |     4 ||     4
Invok: Ancestor Identity |       |     1 |       |       |       ||     1
       Ancestor Life: Kn |       |       |     1 |       |       ||     1
       Recall Ancestor   |       |       |       |     4 |     3 ||     7
Evoke: Lightning rod     |       |       |       |     2 |     5 ||     7
       Wand              |       |       |       |       |     5 ||     5
  Use: Potion            |       |     6 |       |     1 |     1 ||     8
       Scroll            |       |       |     3 |    10 |    16 ||    29
 Stab: Sleeping          |       |     3 |    13 |    31 |    34 ||    81
       Distracted        |       |       |     2 |    14 |     8 ||    24
       Confused          |       |       |       |       |    25 ||    25
       Paralysed         |       |       |       |       |     6 ||     6
  Eat: Chunk             |     1 |     5 |    10 |    24 |    28 ||    68
       Royal jelly       |       |       |       |     1 |     2 ||     3
Armor: Ring mail         |    49 |    43 |    68 |   105 |       ||   265
       Troll leather arm |       |       |       |    71 |   194 ||   265
Dodge: Dodged            |    57 |    62 |   144 |   390 |   583 ||  1236
Block: Buckler           |       |       |       |    23 |   194 ||   217
